 Dungeon Crawl Stone Soup version 0.32-a0-422-g28b100f618 (webtiles) character file.

Game seed: 16620699761350121392

584 adelrune the Covered (level 7, 0/59 HPs)
             Began as an Armataur Fighter on Feb 21, 2024.
             Slain by an ogre
             ... wielding a +0 giant club
              (7 damage)
             ... on level 4 of the Dungeon.
             The game lasted 00:07:00 (3286 turns).

adelrune the Covered (Armataur Fighter)             Turns: 3286, Time: 00:07:01

Health: 0/59       AC: 11    Str: 24    XL:     7   Next: 14%
Magic:  7/7        EV:  6    Int:  8    God:
Gold:   337        SH:  4    Dex:  9    Spells: 6/6 levels left

rFire   . . .        a - +0 flail
rCold   . . .        c - +0 buckler
rNeg    . . .        o - +0 chain mail
rPois   .            i - +0 helmet
rElec   .            (no cloak)
rCorr   +            k - +0 pair of gloves
SInv    .            (no barding)
Will    .....        (no amulet) Stlth
                     l - ring of resist corrosion
HPRegen 0.29/turn    (no ring)
MPRegen 0.10/turn

%: roll
@: no status effects
A: large, deformed body, tough skin 3, armoured tail, roll 2
a: no special abilities


You were on level 4 of the Dungeon.
You visited 1 branch of the dungeon, and saw 4 of its levels.

You collected 337 gold pieces.

Inventory:

Hand Weapons
 a - a +0 flail (weapon)
Missiles
 q - 7 boomerangs (quivered)
Armour
 c - a +0 buckler (worn)
 i - a +0 helmet (worn)
 k - a +0 pair of gloves (worn)
 o - a +0 chain mail (worn)
 r - a +0 plate armour
Jewellery
 l - a ring of resist corrosion (left hand)
Wands
 b - a wand of flame (7)
Scrolls
 d - a scroll of fog {unknown}
 e - 4 scrolls of blinking {unknown}
 f - 6 scrolls of identify {unknown}
 g - a scroll of immolation {unknown}
 j - 3 scrolls of fear {unknown}
 m - a scroll of enchant weapon {unknown}
 p - 2 scrolls of amnesia {unknown}
 s - a scroll of butterflies {unknown}
 t - a scroll of teleportation {unknown}
Potions
 h - 3 potions of haste {unknown}
 n - 2 potions of enlightenment {unknown}


   Skills:
 + Level 4.1 Fighting
 * Level 4.7 Maces & Flails
 + Level 5.4 Armour
 + Level 4.9 Shields


You had 6 spell levels left.
You didn't know any spells.
Your spell library contained the following spells:

 Spells                   Type           Power      Damage    Failure   Level
 Freeze                   Ice            0%         1d3       95%         1
 Frozen Ramparts          Ice            0%         1d1       100%        3
 Hailstorm                Conj/Ice       0%         3d5       100%        3
 Alistair's Intoxication  Alch           0%         N/A       100%        5
 Borgnjor's Vile Clutch   Necr/Erth      0%         N/A       100%        5
 Eringya's Noxious Bog    Alch           0%         4d6       100%        6


Dungeon Overview and Level Annotations

Branches:
Dungeon (4/15)
 Temple: D:4-7

Altars:


Innate Abilities, Weirdness & Mutations

Armour fits poorly on your strangely shaped body.
You have extremely tough skin. (AC +3)
You have a long armoured tail.
You regenerate magic and health when rolling toward enemies. (Rampage Regen)


Message History

The adder is almost dead.
The adder bites you but does no damage.
You barely miss the adder.
Your tail-slap misses the adder.
The adder is almost dead.
The adder bites you but does no damage. x2
You barely miss the adder.
The adder is almost dead.
The adder bites you.
You are poisoned.
The adder poisons you!
You miss the adder.
The adder is almost dead.
You feel sick. The adder barely misses you. x2
You closely miss the adder.
Your tail-slap misses the adder.
The adder is almost dead.
You feel sick. The adder bites you but does no damage.
The adder barely misses you.
You closely miss the adder.
The adder is almost dead.
You feel sick.
You are no longer poisoned.
The adder bites you but does no damage.
You thump the adder!
You kill the adder!
You hit the ogre.
The ogre is lightly wounded.
The ogre hits you with a +0 giant club!!
You hit the ogre.
The ogre is moderately wounded.
The ogre hits you with a +0 giant club!
You completely miss the ogre.
The ogre is moderately wounded.
You sock the ogre!
The ogre is heavily wounded.
The ogre hits you with a +0 giant club!
* * * LOW HITPOINT WARNING * * *
You hit the ogre.
The ogre is severely wounded.
The ogre hits you with a +0 giant club!
You die... #......# #...# #....##.# #.###. #.#...####.### ###..##.# #.#### #.##.###...# #...#.###..... ###.##.# #.### ###.#..>..#### #.....[# #†# .. .. #.#.###.#### #......# #.###.###.###..#.##(.[.. #.....## #...# gg.

#...###.#####. #.....#
###.###O###..## ##.# #.
#.....# #...#@#...#.###.##
#.
....#.#######..#.#.####.#..#
#.
#.........##.......#####.#.#
#.
###...###.............####.#
#. #..##
#############.####.#####.
###..# #............ .....#
#.####.###### ####.######
##.# #...##### .#
#......##########..#
#.#......


You could see an ogre, a hobgoblin and a goblin.

Vanquished Creatures
  Sigmund (D:2)
  An ogre (D:4)
  A hound (D:4)
  Natasha (thrice) (D:2)
  An orc wizard (D:4)
  9 adders
  4 dart slugs
  A ribbon worm (D:2)
  10 orcs
  4 ball pythons
  4 bats (D:2)
  10 endoplasms
  3 goblins
  6 hobgoblins
  3 jackals (D:4)
  5 frilled lizards
  2 kobolds
  3 rats
71 creatures vanquished.

Notes
Turn   | Place    | Note
-------+----------+-------------------------------------------
     0 | D:1      | adelrune the Armataur Fighter began the quest for the Orb.
     0 | D:1      | Reached XP level 1. HP: 18/18 MP: 1/1
   239 | D:1      | Reached XP level 2. HP: 25/25 MP: 2/2
   250 | D:1      | Found a faded altar of an unknown god.
   642 | D:2      | Reached XP level 3. HP: 30/30 MP: 3/3
   715 | D:2      | Reached skill level 4 in Armour
   961 | D:2      | Reached XP level 4. HP: 21/38 MP: 4/4
  1134 | D:2      | Noticed Natasha
  1144 | D:2      | Killed Natasha
  1219 | D:2      | Noticed Sigmund
  1238 | D:2      | Killed Sigmund
  1239 | D:2      | Reached XP level 5. HP: 28/45 MP: 5/5
  1323 | D:2      | Reached XP level 6. HP: 51/51 MP: 6/6
  1686 | D:2      | Noticed Natasha
  1692 | D:2      | Killed Natasha
  1851 | D:2      | Noticed Natasha
  1856 | D:2      | Killed Natasha
  1857 | D:2      | Reached skill level 5 in Armour
  2824 | D:4      | Gained mutation: You regenerate magic and health when
                  | rolling toward enemies. (Rampage Regen) [Armataur growth]
  2824 | D:4      | Reached XP level 7. HP: 41/59 MP: 7/7
  3286 | D:4      | Slain by an ogre

Illustrated notes

Levels and vault maps discovered:
D:1:      co_arrival_square_in_a_square_in_a_square, layout_loops_ring,
          dreamdust_ecumenical_altar_grove
D:2:      layout_loops_ring, uniq_sigmund, uniq_natasha
D:3:      layout_rooms, minivault_11, minmay_misc_feat_nine_boxes
D:4:      layout_loops_ring, minmay_quantized

Skill      XL: |  1  2  3  4  5  6 |
---------------+-------------------+-----
Maces & Flails | 2 3 4 |  4.7
Fighting       | 3 4 |  4.1
Armour         | 4 5 |  5.4
Shields        | 4 |  4.9

Action                     |  1- 3 |  4- 6 |  7- 9 || total
---------------------------+-------+-------+-------++-------
  Melee: Flail             |    80 |   127 |    57 ||   264
         Tailslap          |     4 |    10 |     3 ||    17
  Throw: Boomerang         |       |     1 |       ||     1
    Use: Potion            |       |     2 |       ||     2
 Armour: Scale mail        |    55 |       |       ||    55
         Chain mail        |    13 |    97 |    59 ||   169
  Dodge: Dodged            |    29 |    33 |    27 ||    89
  Block: Buckler           |    17 |    25 |    13 ||    55

Table legend: (Time is in decaauts)
 A = Elapsed time spent in this place.
 B = Non-inter-level travel time spent in this place.
 C = Inter-level travel time spent in this place.
 D = Time resting spent in this place.
 E = Time spent auto-exploring this place.
 F = Levels seen in this place.
 G = Mean time per level.
                   A        B        C        D        E       F      G
               +--------+--------+--------+--------+--------+-----+--------+
         Total |   3348 |   3305 |     43 |    348 |   2179 |   4 |  837.0 |
       Dungeon |   3348 |   3305 |     43 |    348 |   2179 |   4 |  837.0 |
               +--------+--------+--------+--------+--------+-----+--------+

Top non-repeatable levels by time:
     D:2: 1373 daAuts
     D:4: 723 daAuts
     D:3: 660 daAuts
     D:1: 591 daAuts
